 Dungeon Crawl Stone Soup version 0.31-a0-1074-g0b22e4e0f1 (webtiles) character file.

Game seed: 6214838770607922343

27377 grandjackal the Devastator (level 13, -9/84 HPs)
             Began as a Tengu Conjurer on Nov 30, 2023.
             Was a High Priest of Vehumet.
             Mangled by a boulder beetle (20 damage)
             ... on level 13 of the Dungeon.
             The game lasted 00:44:18 (16809 turns).

grandjackal the Devastator (Tengu Conjurer)        Turns: 16809, Time: 00:44:19

Health: -9/84      AC:  8    Str:  9    XL:     13   Next: 32%
Magic:  15/28      EV: 16    Int: 24    God:    Vehumet [*****.]
Gold:   921        SH:  0    Dex: 13    Spells: 13/33 levels left

rFire   . . .        f - staff of air
rCold   + + .        (no shield)
rNeg    . . .        i - +0 steam dragon scales
rPois   .            (helmet restricted)
rElec   +            n - +0 cloak
rCorr   +            C - +1 pair of gloves
SInv    .            (boots unavailable)
Will    ++...        L - amulet of magic regeneration
Stlth   +++          o - ring of Xecuc Xourch {rElec rC+ Will+ rCorr Stlth+}
HPRegen 0.34/turn    k - ring "Souril" {rC+ Will+ Int+2}
MPRegen 0.61/turn

%: acrobat
@: flying
A: beak, talons 3, evasive flight, acrobatic
a: Renounce Religion


You were on level 13 of the Dungeon.
You worshipped Vehumet.
Vehumet was extremely pleased with you.
You visited 2 branches of the dungeon, and saw 14 of its levels.

You collected 1093 gold pieces.
You spent 172 gold pieces at shops.

Inventory:

Missiles
 h - 7 throwing nets
Armour
 i - +0 steam dragon scales (worn)
 n - a +0 cloak (worn)
 C - a +1 pair of gloves (worn)
 D - +0 acid dragon scales
 J - a +2 scale mail of poison resistance
Magical Staves
 f - a staff of air (weapon)
 v - a staff of death
Jewellery
 k - the ring "Souril" (right hand) {rC+ Will+ Int+2}
   (You acquired it on level 8 of the Dungeon)

   [ring of protection from cold]

   Int+2:     It affects your intelligence (+2).
   rC+:       It protects you from cold.
   Will+:     It increases your willpower.
 o - the ring of Xecuc Xourch (left hand) {rElec rC+ Will+ rCorr Stlth+}
   (You found it on level 9 of the Dungeon)

   [ring of resist corrosion]

   rC+:       It protects you from cold.
   rElec:     It insulates you from electricity.
   Will+:     It increases your willpower.
   rCorr:     It protects you from acid and corrosion.
   Stlth+:    It makes you more stealthy.
 p - an amulet of regeneration
 F - a ring of fire
 H - a ring of protection from fire
 I - a ring of poison resistance
 L - an amulet of magic regeneration (around neck)
 O - a ring of positive energy
Wands
 j - a wand of flame (50)
 t - a wand of mindburst (14)
 z - a wand of paralysis (16)
 E - a wand of roots (7)
Scrolls
 a - 2 scrolls of teleportation {unknown}
 c - 2 scrolls of silence
 d - 2 scrolls of amnesia
 g - 8 scrolls of enchant weapon {unknown}
 l - a scroll of butterflies
 m - 4 scrolls of fog {unknown}
 q - 4 scrolls of immolation
 x - a scroll of vulnerability
 y - 2 scrolls of blinking
 G - 2 scrolls of poison {unknown}
 M - a scroll of revelation
 N - a scroll of fear {unknown}
Potions
 b - 3 potions of magic
 e - 3 potions of ambrosia
 r - 3 potions of cancellation
 s - 2 potions of haste
 u - a potion of invisibility
 w - a potion of mutation
 B - 3 potions of curing
 K - 2 potions of brilliance


   Skills:
 + Level 11.3 Fighting
 - Level 2.1 Dodging
 - Level 2.0 Stealth
 + Level 10.6 Spellcasting
 + Level 15.3 Conjurations
 + Level 14.2 Air Magic


You had 13 spell levels left.
You knew the following spells:

 Your Spells              Type           Power      Damage    Failure   Level
a - Magic Dart            Conj           100%       1d8       0%          1
b - Searing Ray           Conj           100%       2d8       0%          2
c - Mephitic Cloud        Conj/Pois/Air  74%        N/A       1%          3
d - Poisonous Vapours     Pois/Air       100%       N/A       1%          2
e - Arcjolt               Conj/Air       45%        1d55      1%          5
f - Static Discharge      Conj/Air       100%       3-8/arc   0%          2
g - Freezing Cloud        Conj/Ice/Air   37%        6-21      1%          5

Your spell library contained the following spells:

 Spells                   Type           Power      Damage    Failure   Level
 Starburst                Conj/Fire      24%        6d8       9%          6
 Freeze                   Ice            48%        1d6       1%          1
 Cigotuvi's Dreadful Rot  Necr/Pois/Air  100%       N/A       1%          2
 Dazzling Flash           Conj/Hex       98%        N/A       1%          3
 Hailstorm                Conj/Ice       49%        3d11      1%          3
 Fulminant Prism          Conj/Hex       24%        3d12      1%          4
 Iskenderun's Mystic Bla  Conj/Tloc      49%        2d11      1%          4
 Vhi's Electric Charge    Tloc/Air       100%       N/A       2%          4
 Frozen Ramparts          Ice            24%        1d4       4%          3
 Ignite Poison            Fire/Tmut/Pois 12%        N/A       4%          3
 Tukima's Dance           Hex            12%        N/A       16%         3
 Maxwell's Capacitive Co  Air            44%        ∞         24%         8
 Dimensional Bullseye     Hex/Tloc       6%         N/A       45%         4


Dungeon Overview and Level Annotations

Branches:
Dungeon (13/15)            Temple (1/1) D:5            Lair (0/5) D:10
    Orc (0/2) D:12
 Vaults: D:13-14

Altars:
Ashenzari
Cheibriados
Dithmenos
Elyvilon
Fedhas
Gozag
Hepliaklqana
Kikubaaqudgha
Makhleb
Nemelex Xobeh
Okawaru
Qazlal
Ru
Sif Muna
Trog
Uskayaw
Vehumet
Wu Jian
Xom
Yredelemnul
Zin
The Shining One

Shops:
D:5 [   D:9 (

Annotations:
D:4 2 transporters
D:5 3 runed translucent doors, grandjackal's ghost, amateur DsGl
D:7 2 transporters, Doj's ghost, novice TrFi
D:10 2 transporters, arvidsem's ghost, journeyman VSBr


Innate Abilities, Weirdness & Mutations

You have a beak for a mouth.
You have claws for feet.
Your magical flight helps you evade attacks. (EV +4)
You can magically evade attacks while moving or waiting.


Message History

Casting: Freezing Cloud (dangerous; 1% risk of failure)
Confirm with . or Enter, or press ? or * to list all spells.
You can't see any susceptible monsters within range! (Use Z to cast anyway.) Unknown command.
Unknown command.
Casting: Freezing Cloud (dangerous; 1% risk of failure)
Confirm with . or Enter, or press ? or * to list all spells.
Okay, then.
Unknown command.
Unknown command.
Unknown command.
The centaur warrior is engulfed in freezing vapours.
The centaur warrior shoots an arrow.
The arrow completely misses you.
The centaur warrior is engulfed in freezing vapours.
The centaur warrior shoots a sling bullet.
The sling bullet hits you.
A wraith comes into view.
The centaur warrior is engulfed in freezing vapours.
The centaur warrior shoots an arrow.
The arrow hits you!!
The centaur warrior is engulfed in freezing vapours.
The centaur warrior shoots a sling bullet.
The sling bullet misses you.
The sling bullet hits the boulder beetle!
Unknown command.
Unknown command.
Casting: Freezing Cloud (dangerous; 1% risk of failure)
Confirm with . or Enter, or press ? or * to list all spells.
You feel a surge of power!
Electricity surges outward!
The boulder beetle is struck by an electric surge.
The boulder beetle is moderately wounded.
The centaur warrior is engulfed in freezing vapours.
The centaur warrior shoots an arrow.
The arrow hits you!
* * * LOW HITPOINT WARNING * * *
The centaur warrior is engulfed in freezing vapours.
The centaur warrior shoots a sling bullet.
The sling bullet hits you!
* * * LOW HITPOINT WARNING * * *
The wraith is engulfed in freezing vapours.
The boulder beetle bites you!!
You die...

##.# .##.>.### .....
..### #... .B. #...###)#
####....##B#.##.#
.......†.)))..W§..
###....####c§§§#..
#...†#@§§c§§§..## .#
##'#.B§§§§§...... ..
#.#.#.##....#.# .## #
#.#......... ....
#.####..#.######.##.
#....#...........#..
#......##.###.#.##..
)......................
#.#.........).....#.##..


You could see a boulder beetle, 2 centaur warriors and a wraith.

Vanquished Creatures
  Harold (D:10)
  2 hydras (D:13)
  A catoblepas (D:13)
  5 two-headed ogres
  A boulder beetle (D:12)
  4 centaur warriors (D:13)
  Urug (D:11)
  Amaemon (D:9)
  2 deep elf pyromancers
  A cyclops (D:11)
  An ugly thing (D:13)
  Pikel (D:4)
  3 manticores
  A moth of wrath (shapeshifter) (D:13)
  An unseen horror (D:12)
  An orange demon (D:9)
  A kobold demonologist (D:12)
  A tengu conjurer (D:13)
  An efreet (D:13)
  A merfolk (shapeshifter) (D:13)
  A meliai (D:13)
  2 trolls
  A hornet (D:11)
  7 slime creatures
  5 yaks
  A water elemental (D:12)
  2 wyverns
  4 wraiths
  4 steam dragons
  10 vampire mosquitoes
  A basilisk (D:13)
  4 acid dragons
  4 water moccasins
  2 sky beasts
  3 ice beasts
  7 orc warriors
  6 black bears
  An ogre (D:5)
  11 centaurs
  3 lemures (D:4)
  A gnoll sergeant (D:10)
  10 kobold brigands
  6 bullfrogs
  2 scorpions
  7 wights
  19 killer bees
  3 howler monkeys
  Crazy Yiuf (D:3)
  A gnoll bouda (D:7)
  8 hounds
  4 jellies
  10 orc priests
  Jessica (D:3)
  2 sleepcaps
  2 iguanas
  6 orc wizards
  Robin (D:2)
  11 adders
  16 gnolls
  6 shadow imps
  2 white imps
  4 ufetubi (D:5)
  A worm (D:2)
  2 dart slugs (D:2)
  35 orcs
  3 bats
  12 endoplasms
  4 giant cockroaches
  19 goblins
  10 hobgoblins
  4 quokkas
  7 ball pythons
  8 frilled lizards
  72 kobolds
  7 kobold skeletons (D:12)
  11 kobold zombies (D:12)
  5 rats
433 creatures vanquished.

Notes
Turn   | Place    | Note
-------+----------+-------------------------------------------
     0 | D:1      | grandjackal the Tengu Conjurer began the quest for the Orb.
     0 | D:1      | Reached XP level 1. HP: 10/10 MP: 4/4
    48 | D:1      | Reached XP level 2. HP: 10/16 MP: 0/6
    60 | D:1      | Reached skill level 1 in Fighting
   116 | D:1      | Learned a level 2 spell: Searing Ray
   349 | D:1      | Reached XP level 3. HP: 20/20 MP: 5/7
   494 | D:1      | Learned a level 3 spell: Mephitic Cloud
  1184 | D:2      | Noticed Robin
  1395 | D:2      | Reached skill level 6 in Conjurations
  1395 | D:2      | Reached skill level 1 in Air Magic
  1395 | D:2      | Reached XP level 4. HP: 26/26 MP: 2/8
  1555 | D:2      | Killed Robin
  2009 | D:2      | Reached XP level 5. HP: 30/30 MP: 5/10
  2218 | D:2      | Noticed a glass eye
  2222 | D:2      | Found a faded altar of an unknown god.
  2224 | D:2      | Noticed a glass eye
  2241 | D:2      | Noticed a shining eye
  2241 | D:2      | Noticed a golden eye
  2334 | D:3      | Found a transporter.
  2362 | D:3      | Found a transporter.
  2424 | D:3      | Found a runed translucent door.
  2425 | D:3      | Noticed Crazy Yiuf
  2849 | D:3      | Noticed Jessica
  2852 | D:3      | Killed Jessica
  2990 | D:3      | Found a basalt altar of Yredelemnul.
  3035 | D:3      | You fall into a shaft and drop 3 floors!
  3198 | D:6      | Reached XP level 6. HP: 36/36 MP: 7/11
  3394 | D:6      | Reached skill level 7 in Conjurations
  3436 | D:5      | Entered Level 5 of the Dungeon
  3499 | D:4      | Found an ancient bone altar of Kikubaaqudgha.
  3499 | D:4      | Found a bloodstained altar of Trog.
  3499 | D:4      | Found a transporter.
  3499 | D:4      | Found a shimmering altar of Xom.
  3506 | D:4      | Learned a level 2 spell: Poisonous Vapours
  3982 | D:3      | Killed Crazy Yiuf
  3983 | D:3      | Gained mutation: Your magical flight helps you evade
                  | attacks. (EV +4) [Tengu growth]
  3983 | D:3      | Reached XP level 7. HP: 30/41 MP: 3/13
  4416 | D:4      | Found a shadowy altar of Dithmenos.
  4623 | D:4      | Noticed an ancient zyme
  4739 | D:4      | Found a stormy altar of Qazlal.
  4918 | D:4      | Found a transporter.
  5019 | D:4      | Reached skill level 5 in Air Magic
  5019 | D:4      | Reached XP level 8. HP: 48/48 MP: 9/15
  5148 | D:4      | Noticed Pikel
  5180 | D:4      | Killed Pikel
  5181 | D:4      | Reached skill level 5 in Spellcasting
  5181 | D:4      | Reached skill level 8 in Conjurations
  5317 | D:4      | Found an ornate altar of the Wu Jian Council.
  5321 | D:4      | Reached skill level 5 in Fighting
  5453 | D:4      | Learned a level 5 spell: Arcjolt
  5468 | D:5      | Found a glowing golden altar of the Shining One.
  5514 | D:5      | Found a staircase to the Ecumenical Temple.
  5570 | Temple   | Entered the Ecumenical Temple
  5600 | Temple   | Became a worshipper of Vehumet
  5731 | D:5      | Found Denluisch's Antique Armour Shop.
  5884 | D:5      | Bought a pair of embroidered gloves for 172 gold pieces
  5943 | D:5      | Reached skill level 9 in Conjurations
  6283 | D:5      | Reached XP level 9. HP: 54/54 MP: 12/18
  6289 | D:5      | Reached * piety under Vehumet
  6289 | D:5      | Offered knowledge of Shock by Vehumet.
  7027 | D:5      | Reached ** piety under Vehumet
  7027 | D:5      | Offered knowledge of Static Discharge by Vehumet.
  7050 | D:5      | Learned a level 2 spell: Static Discharge
  7098 | D:5      | Found a runed translucent gate.
  7098 | D:5      | Found a runed translucent gate.
  7098 | D:5      | Found a runed translucent gate.
  7099 | D:5      | Noticed grandjackal's ghost (amateur DsGl)
  7258 | D:5      | Found a burning altar of Makhleb.
  8474 | D:7      | Reached skill level 10 in Conjurations
  8817 | D:7      | Reached XP level 10. HP: 57/61 MP: 14/21
  9038 | D:7      | Found an iron altar of Okawaru.
  9108 | D:7      | Noticed a manticore
  9117 | D:7      | Killed a manticore
  9188 | D:7      | Noticed Doj's ghost (novice TrFi)
  9246 | D:7      | Offered knowledge of Scorch by Vehumet.
  9346 | D:7      | Found a transporter.
  9350 | D:7      | Found a transporter.
  9670 | D:7      | Reached *** piety under Vehumet
  9679 | D:7      | Reached skill level 11 in Conjurations
 10171 | D:8      | Identified a scroll of acquirement
 10172 | D:8      | Acquired the ring "Souril" {rC+ Will+ Int+2}
 10345 | D:8      | Offered knowledge of Stone Arrow by Vehumet.
 10977 | D:9      | Reached skill level 10 in Air Magic
 11102 | D:9      | Identified the ring of Xecuc Xourch {rElec rC+ Will+ rCorr
                  | Stlth+}
 11244 | D:9      | Noticed Amaemon
 11245 | D:9      | Noticed an orange demon
 11253 | D:9      | Killed an orange demon
 11254 | D:9      | Killed Amaemon
 11255 | D:9      | Reached skill level 12 in Conjurations
 11255 | D:9      | Reached XP level 11. HP: 66/69 MP: 6/24
 11351 | D:9      | Identified the +4 mace of a Labyrinth {heavy, rElec rCorr
                  | Str-4 Dex+3}
 11357 | D:9      | Found Uder's Weapon Emporium.
 11863 | D:10     | Entered Level 10 of the Dungeon
 11900 | D:10     | Noticed a two-headed ogre
 11904 | D:10     | Killed a two-headed ogre
 12129 | D:10     | Noticed a two-headed ogre
 12144 | D:10     | Killed a two-headed ogre
 12349 | D:10     | Found a transporter.
 12351 | D:10     | Found a transporter.
 12353 | D:10     | Noticed arvidsem's ghost (journeyman VSBr)
 12411 | D:10     | Found a staircase to the Lair.
 12555 | D:10     | Reached **** piety under Vehumet
 12742 | D:10     | Offered knowledge of Inner Flame by Vehumet.
 12937 | D:10     | Noticed Harold
 12940 | D:10     | Killed Harold
 13193 | D:10     | Reached skill level 13 in Conjurations
 13351 | D:11     | Noticed a cyclops
 13357 | D:11     | Noticed a two-headed ogre
 13747 | D:11     | Noticed Urug
 13758 | D:11     | Killed Urug
 14070 | D:11     | Killed a two-headed ogre
 14194 | D:11     | Killed a cyclops
 14195 | D:11     | Reached XP level 12. HP: 68/76 MP: 16/26
 14235 | D:11     | Learned a level 5 spell: Freezing Cloud
 14243 | D:12     | Found a bloodstained altar of Trog.
 14470 | D:12     | Noticed a boulder beetle
 14606 | D:12     | Found a staircase to the Orcish Mines.
 14646 | D:12     | Noticed a two-headed ogre
 14649 | D:12     | Killed a two-headed ogre
 14697 | D:12     | Reached ***** piety under Vehumet
 14700 | D:12     | Offered knowledge of Starburst by Vehumet.
 14701 | D:12     | Reached skill level 10 in Fighting
 14770 | D:12     | Found an ancient bone altar of Kikubaaqudgha.
 15103 | D:12     | Reached skill level 14 in Conjurations
 15253 | D:12     | Killed a boulder beetle
 15834 | D:13     | Noticed a centaur warrior
 15838 | D:13     | Killed a centaur warrior
 15843 | D:13     | Noticed a catoblepas
 15852 | D:13     | Killed a catoblepas
 15891 | D:13     | Reached skill level 10 in Spellcasting
 15911 | D:13     | Noticed an eight-headed hydra
 16032 | D:13     | Killed an eight-headed hydra
 16074 | D:13     | Found a shadowy altar of Dithmenos.
 16075 | D:13     | Found a burning altar of Makhleb.
 16075 | D:13     | Found a burning altar of Makhleb.
 16075 | D:13     | Found an ornate altar of the Wu Jian Council.
 16075 | D:13     | Noticed a centaur warrior
 16077 | D:13     | Noticed a two-headed ogre
 16089 | D:13     | Noticed a centaur warrior
 16109 | D:13     | Reached XP level 13. HP: 43/84 MP: 21/28
 16134 | D:13     | Reached skill level 15 in Conjurations
 16809 | D:13     | Mangled by a boulder beetle

Illustrated notes

Levels and vault maps discovered:
D:1:      dpeg_arrival_castle, layout_basic
D:2:      layout_rooms, hellmonk_ecumenical_altar_watching_god, uniq_robin
D:3:      gammafunk_wand_slinger, layout_basic, mainiacjoe_overflow_boulevard,
          uniq_crazy_yiuf_cottage, uniq_jessica
D:4:      layout_basic, nicolae_dithmenos_the_darkroom,
          nicolae_overflow_crystal_walls, marbit_many_paths,
          grunt_temple_overflow_open, gammafunk_ghost_abyssal_escape, uniq_pikel
D:5:      minmay_goblin_kobold_castle, layout_layer_cave,
          makhleb_heckhound_becter, mainiacjoe_overflow_tiny_flanked,
          minmay_temple_entry_steel_oval, serial_shops, shop,
          gammafunk_ghost_necromancy, nicolae_elevator_lobby_asterisk
D:6:      layout_basic
D:7:      layout_gridville, okawaru_ov_weapons_minmay, gammafunk_ghost_arena,
          centaur_isle
D:8:      layout_loops_cross, serial_park_tiny_1
D:9:      layout_rooms, serial_shops, nicolae_lakefront_shop, uniq_amaemon
D:10:     layout_gridville, due_lair_maze_entry_diamond, gammafunk_ghost_hive,
          hangedman_abyss_or_decor_clamps, uniq_harold
D:11:     layout_layer_cave, uniq_urug
D:12:     wander_kiku_kobolds, layout_basic, minmay_orc_entry_temple_small,
          corexii_leaking_fountain, trog_three_pillars_becter
D:13:     minmay_the_grid_octo_tiled_squarecenter [minmay_the_grid_octo_shrine,
          minmay_the_grid_octo_thin_diamonds, minmay_the_grid_octo_concentric,
          minmay_the_grid_octo_clover_2,
          minmay_the_grid_square_5x5_megaprize_checkered,
          minmay_the_grid_square_5x5_checkered, minmay_the_grid_square_5x5_bite,
          minmay_the_grid_square_5x5_spiral_small,
          minmay_the_grid_square_5x5_inner_v], layout_basic,
          minmay_alternating_orb
Temple:   hellmonk_temple_flake

Skill      XL: |  1  2  3  4  5  6  7  8  9 10 11 12 13 |
---------------+----------------------------------------+-----
Fighting       | 1 2 3 4 5 6 8 9 10 11 | 11.3
Conjurations   | 6 7 9 10 12 13 14 15 | 15.3
Air Magic      | 1 2 3 5 6 8 10 12 13 14 | 14.2
Spellcasting   | 3 4 5 6 8 9 10 | 10.6
Dodging        | |  2.1
Stealth        | |  2.0

Action                     |  1- 3 |  4- 6 |  7- 9 | 10-12 | 13-15 || total
---------------------------+-------+-------+-------+-------+-------++-------
  Melee: Unarmed           |    19 |       |       |       |       ||    19
         Kick              |    10 |     4 |     7 |    13 |     5 ||    39
         Peck              |     6 |     2 |     6 |     9 |     3 ||    26
         Staff             |     7 |    17 |    31 |    56 |    13 ||   124
         Punch             |       |       |       |     1 |       ||     1
   Cast: Magic Dart        |    52 |    63 |    92 |     3 |       ||   210
         Searing Ray       |       |    18 |    58 |    38 |       ||   114
         Poisonous Vapours |       |     1 |    16 |    20 |       ||    37
         Arcjolt           |       |       |       |   134 |    21 ||   155
         Static Discharge  |       |       |       |     8 |       ||     8
         Freezing Cloud    |       |       |       |     4 |     5 ||     9
  Evoke: Wand              |       |       |     1 |       |     2 ||     3
    Use: Scroll            |       |       |     7 |    11 |       ||    18
         Potion            |       |       |       |       |     1 ||     1
   Stab: Sleeping          |     1 |     1 |       |       |       ||     2
         Paralysed         |       |       |     1 |       |       ||     1
         Distracted        |       |       |     1 |       |       ||     1
 Armour: Robe              |    18 |    11 |    59 |       |       ||    88
         Steam dragon scal |       |       |     1 |   110 |    54 ||   165
         Skin              |       |       |       |    21 |       ||    21
  Dodge: Dodged            |    28 |    25 |   128 |   184 |    40 ||   405

Table legend: (Time is in decaauts)
 A = Elapsed time spent in this place.
 B = Non-inter-level travel time spent in this place.
 C = Inter-level travel time spent in this place.
 D = Time resting spent in this place.
 E = Time spent auto-exploring this place.
 F = Levels seen in this place.
 G = Mean time per level.
                   A        B        C        D        E       F      G
               +--------+--------+--------+--------+--------+-----+--------+
         Total |  16856 |  16267 |    589 |   5484 |   7793 |  14 | 1204.0 |
       Dungeon |  16815 |  16226 |    589 |   5465 |   7793 |  13 | 1293.5 |
        Temple |     41 |     41 |      0 |     19 |      0 |   1 |   41.0 |
               +--------+--------+--------+--------+--------+-----+--------+

Top non-repeatable levels by time:
     D:5: 1970 daAuts
    D:12: 1773 daAuts
     D:7: 1630 daAuts
    D:10: 1448 daAuts
     D:6: 1446 daAuts
     D:3: 1376 daAuts
     D:4: 1346 daAuts
     D:1: 1304 daAuts
    D:11: 1202 daAuts
     D:2: 990 daAuts
     D:9: 985 daAuts
     D:8: 862 daAuts
    D:13: 477 daAuts
  Temple: 41 daAuts
